PBL
CHICAGO CUBS @ MONTREAL EXPOS
08/03/2070
 
TOP OF THE 1ST
Chicago Cubs batting - Pitching for Montreal Expos : RHP Jack Anderson
Pitching: RHP Jack Anderson
Batting: LHB Yan Peltier 0-0: Swinging Strike
0-1: Swinging Strike
0-2: SINGLE (Groundball, 56D, EV 101.9 MPH) (infield hit)
Batting: LHB Larry Church 0-0: Called Strike
Yan Peltier steals 2nd base
0-1: Called Strike
0-2: Strikes out looking
Batting: SHB Jesús Mora 0-0: Ball
1-0: Ball
2-0: Ball
Yan Peltier steals 3rd base
3-0: Called Strike
3-1: SINGLE (Line Drive, 7LS, EV 98.1 MPH)
Yan Peltier scores
Batting: SHB George Moore 0-0: Ball
1-0: SINGLE (Line Drive, 78M, EV 88.1 MPH)
Jesús Mora to second
Batting: LHB Shinobu Narita 0-0: Called Strike
0-1: Called Strike
0-2: Ball
1-2: Ball
2-2: Strikes out swinging
Batting: RHB Mark Bonner 0-0: Called Strike
0-1: Foul Ball, location: 2F
0-2: Ball
1-2: Ball
2-2: Fielders Choice at 2nd, U6 (Groundball, 6M, EV 103.8 MPH)
Top of the 1st over - 1 run, 3 hits, 0 errors, 2 left on base; Chicago 1 - Montreal 0
BOTTOM OF THE 1ST
Montreal Expos batting - Pitching for Chicago Cubs : RHP Gary Hayes
Pitching: RHP Gary Hayes
Batting: RHB Henry Treleaven 0-0: Ground out 4-3 (Groundball, 4M, EV 85.6 MPH)
Batting: LHB Jonathan Moustaka 0-0: Ball
1-0: Ball
2-0: Ground out U3 (Groundball, 3, EV 83.1 MPH)
Batting: LHB Oscar Blackwell 0-0: Ball
1-0: Swinging Strike
1-1: Called Strike
1-2: Strikes out swinging
Bottom of the 1st over - 0 runs, 0 hits, 0 errors, 0 left on base; Chicago 1 - Montreal 0
TOP OF THE 2ND
Chicago Cubs batting - Pitching for Montreal Expos : RHP Jack Anderson
Batting: LHB Dan Byrd 0-0: Called Strike
0-1: Foul Ball, location: 3DF
0-2: Strikes out swinging
Batting: RHB Robert Picot 0-0: Ball
1-0: Called Strike
1-1: Ball
2-1: Swinging Strike
2-2: Ground out 1-3 (Groundball, 13S, EV 66.9 MPH)
Batting: RHB Eddie Brown 0-0: Ball
1-0: Called Strike
1-1: Called Strike
1-2: Ball
2-2: Strikes out swinging
Top of the 2nd over - 0 runs, 0 hits, 0 errors, 0 left on base; Chicago 1 - Montreal 0
BOTTOM OF THE 2ND
Montreal Expos batting - Pitching for Chicago Cubs : RHP Gary Hayes
Batting: LHB Don Bullock 0-0: Called Strike
0-1: SINGLE (Line Drive, 34, EV 95.6 MPH)
Batting: LHB Steve Burns 0-0: Fly out, F7 (Flyball, 7, EV 92.5 MPH)
Batting: RHB Ed Basset 0-0: Foul Ball, location: 2F
0-1: Fly out, F7 (Flyball, 78S, EV 84.4 MPH)
Batting: RHB Iván Pérez 0-0: Called Strike
0-1: Ball
1-1: Ball
2-1: DOUBLE (Line Drive, 9LD, EV 108.1 MPH)
Don Bullock to third
Batting: LHB Lúcio Rivera 0-0: Ball
1-0: Called Strike
1-1: Ball
2-1: Foul Ball, location: 23FF
2-2: 3-RUN HOME RUN (Flyball, 9LD, EV 94.4 MPH), Distance : 339 ft
Batting: RHB Felipe Rivas 0-0: Called Strike
0-1: Ball
1-1: Foul Ball, location: 9LSF
1-2: Ground out 4-3 (Groundball, 4M, EV 82.5 MPH)
Bottom of the 2nd over - 3 runs, 3 hits, 0 errors, 0 left on base; Chicago 1 - Montreal 3
TOP OF THE 3RD
Chicago Cubs batting - Pitching for Montreal Expos : RHP Jack Anderson
Batting: LHB Yan Peltier 0-0: Ball
1-0: Ball
2-0: Ball
3-0: Called Strike
3-1: Swinging Strike
3-2: Foul Ball, location: 23FF
3-2: Base on Balls
Batting: LHB Larry Church 0-0: Called Strike
Yan Peltier steals 2nd base
0-1: Called Strike
0-2: Ball
1-2: Foul Ball, location: 23F
1-2: Ball
2-2: Ball
3-2: Strikes out swinging
Batting: SHB Jesús Mora 0-0: Ball
1-0: Ball
2-0: Ball
3-0: Called Strike
3-1: Foul Ball, location: 3SF
3-2: Fly out, F7 (Line Drive, 78M, EV 101.3 MPH)
Runner from 2nd tags up, SAFE at 3rd with throw by LF
Batting: SHB George Moore 0-0: Called Strike
0-1: Called Strike
0-2: Fly out, F7 (Flyball, 7LM, EV 86.9 MPH)
Top of the 3rd over - 0 runs, 0 hits, 0 errors, 1 left on base; Chicago 1 - Montreal 3
BOTTOM OF THE 3RD
Montreal Expos batting - Pitching for Chicago Cubs : RHP Gary Hayes
Batting: RHB Henry Treleaven 0-0: Ball
1-0: SINGLE (Line Drive, 8LS, EV 85.6 MPH)
Batting: LHB Jonathan Moustaka 0-0: Fielders Choice at 2nd, 3-6 (Groundball, 3, EV 83.1 MPH)
Batting: LHB Oscar Blackwell 0-0: 2-RUN HOME RUN (Flyball, 9D, EV 100.0 MPH), Distance : 380 ft
Batting: LHB Don Bullock 0-0: Hit by Pitch
Batting: LHB Steve Burns 0-0: Ball
1-0: Ball
2-0: Ball
3-0: Called Strike
3-1: Foul Ball, location: 23F
3-2: Foul Ball, location: 2F
3-2: Base on Balls
Don Bullock to second
Batting: RHB Ed Basset 0-0: Called Strike
0-1: Ball
1-1: Ball
2-1: Called Strike
2-2: Ball
3-2: Grounds into double play, U5-3 (Groundball, 5L, EV 87.5 MPH)
Bottom of the 3rd over - 2 runs, 2 hits, 0 errors, 1 left on base; Chicago 1 - Montreal 5
TOP OF THE 4TH
Chicago Cubs batting - Pitching for Montreal Expos : RHP Jack Anderson
Batting: LHB Shinobu Narita 0-0: Called Strike
0-1: Ball
1-1: Swinging Strike
1-2: Foul Ball, location: 2F
1-2: Foul Ball, location: 23F
1-2: Strikes out looking
Batting: RHB Mark Bonner 0-0: Foul Ball, location: 2F
0-1: Ball
1-1: Foul Ball, location: 2F
1-2: Strikes out swinging
Batting: LHB Dan Byrd 0-0: Called Strike
0-1: Ball
1-1: Swinging Strike
1-2: Strikes out looking
Top of the 4th over - 0 runs, 0 hits, 0 errors, 0 left on base; Chicago 1 - Montreal 5
BOTTOM OF THE 4TH
Montreal Expos batting - Pitching for Chicago Cubs : RHP Gary Hayes
Batting: RHB Iván Pérez 0-0: Foul Ball, location: 7LMFF
0-1: Foul Ball, location: 2F
0-2: Ball
1-2: Strikes out swinging
Batting: LHB Lúcio Rivera 0-0: Ball
1-0: SOLO HOME RUN (Flyball, 78XD, EV 105.6 MPH), Distance : 417 ft
Batting: RHB Felipe Rivas 0-0: Ball
1-0: Ball
2-0: Ball
3-0: Called Strike
3-1: Foul Ball, location: 2F
3-2: Fly out, F8 (Flyball, 89M, EV 93.8 MPH)
Batting: RHB Henry Treleaven 0-0: Called Strike
0-1: Fly out, F8 (Line Drive, 8LD, EV 93.1 MPH)
Bottom of the 4th over - 1 run, 1 hit, 0 errors, 0 left on base; Chicago 1 - Montreal 6
TOP OF THE 5TH
Chicago Cubs batting - Pitching for Montreal Expos : RHP Jack Anderson
Batting: RHB Robert Picot 0-0: Foul Ball, location: 25F
0-1: Ball
1-1: Foul Ball, location: 3FF
1-2: SINGLE (Line Drive, 8RS, EV 88.1 MPH)
Batting: RHB Eddie Brown 0-0: Ball
1-0: Foul Ball, location: 2F
1-1: Foul Ball, location: 23F
1-2: Foul Ball, location: 2F
1-2: Strikes out looking
Batting: LHB Yan Peltier 0-0: Foul Ball, location: 9LMF
0-1: Foul Ball, location: 5F
0-2: Foul Ball, location: 2F
0-2: Fly out, F8 (Flyball, 8RD, EV 75.0 MPH)
Batting: LHB Larry Church 0-0: Called Strike
0-1: Ball
1-1: Ball
2-1: Ball
3-1: Base on Balls
Robert Picot to second
Pitching: LHP Larry West
Batting: SHB Jesús Mora 0-0: Ball
1-0: Ball
Wild Pitch!
Robert Picot to third
Larry Church to second
2-0: Reached on error, E4 (Groundball, 4M, EV 85.6 MPH)
Robert Picot scores
Batting: SHB George Moore 0-0: Ball
1-0: Swinging Strike
1-1: Hit by Pitch
Larry Church to third
Jesús Mora to second
Pinch Hitting: RHB José Betancourt 0-0: Called Strike
0-1: Foul Ball, location: 2F
0-2: Strikes out looking
Top of the 5th over - 1 run, 1 hit, 1 error, 3 left on base; Chicago 2 - Montreal 6
BOTTOM OF THE 5TH
Montreal Expos batting - Pitching for Chicago Cubs : RHP Gary Hayes
Pitching: RHP Orlando Flores
Now at 2B: José Rodríguez
Batting: LHB Jonathan Moustaka 0-0: Hit by Pitch
Batting: LHB Oscar Blackwell 0-0: Called Strike
0-1: Swinging Strike
0-2: Strikes out swinging
Batting: LHB Don Bullock 0-0: Ball
1-0: Called Strike
1-1: Called Strike
1-2: Ball
2-2: Ball
Wild Pitch!
Jonathan Moustaka to second
3-2: Fly out, F8 (Flyball, 8LXD, EV 86.9 MPH)
Runner from 2nd tags up, SAFE at 3rd, no throw by CF
Batting: LHB Steve Burns 0-0: Called Strike
0-1: Called Strike
0-2: Foul Ball, location: 2F
0-2: Ground out U3 (Groundball, 3S, EV 66.9 MPH)
Bottom of the 5th over - 0 runs, 0 hits, 0 errors, 1 left on base; Chicago 2 - Montreal 6
TOP OF THE 6TH
Chicago Cubs batting - Pitching for Montreal Expos : LHP Larry West
Batting: RHB Mark Bonner 0-0: Ball
1-0: Swinging Strike
1-1: Swinging Strike
1-2: Fly out, F9 (Flyball, 9D, EV 86.3 MPH)
Batting: LHB Dan Byrd 0-0: Ball
1-0: Called Strike
1-1: Called Strike
1-2: Fly out, F7 (Flyball, 7LS, EV 98.8 MPH)
Batting: RHB Robert Picot 0-0: Ball
1-0: Foul Ball, location: 25FF
1-1: Ball
2-1: DOUBLE (Line Drive, 7LS, EV 92.5 MPH)
Batting: RHB Eddie Brown 0-0: Ball
1-0: Foul Ball, location: 3FF
1-1: Ball
2-1: Swinging Strike
2-2: Ground out 4-3 (Groundball, 34D, EV 75.6 MPH)
Top of the 6th over - 0 runs, 1 hit, 0 errors, 1 left on base; Chicago 2 - Montreal 6
BOTTOM OF THE 6TH
Montreal Expos batting - Pitching for Chicago Cubs : RHP Orlando Flores
Batting: RHB Ed Basset 0-0: Ball
1-0: Called Strike
1-1: Foul Ball, location: 2LF, Error on foul ball, E2
1-2: Fly out, F7 (Flyball, 7, EV 91.9 MPH)
Batting: RHB Iván Pérez 0-0: Called Strike
0-1: Fly out, F7 (Flyball, 7, EV 88.8 MPH)
Batting: LHB Lúcio Rivera 0-0: Foul Ball, location: 2F
0-1: Ball
1-1: Ball
2-1: Foul Ball, location: 25FF
2-2: Foul Ball, location: 23F
2-2: Ground out 6-3 (Groundball, 6, EV 106.3 MPH)
Bottom of the 6th over - 0 runs, 0 hits, 1 error, 0 left on base; Chicago 2 - Montreal 6
TOP OF THE 7TH
Chicago Cubs batting - Pitching for Montreal Expos : LHP Larry West
Pitching: RHP Arturo Gonzáles
Batting: LHB Yan Peltier 0-0: Foul Ball, location: 2F
0-1: Foul Ball, location: 2LF
0-2: Ball
1-2: Ball
2-2: Ball
3-2: Foul Ball, location: 5F
3-2: Ground out U3 (Groundball, 3, EV 85.0 MPH)
Batting: LHB Larry Church 0-0: Foul Ball, location: 2F
0-1: Foul Ball, location: 2F
0-2: Ball
1-2: Foul Ball, location: 5F
1-2: Ball
2-2: Ball
3-2: Ground out 4-3 (Groundball, 4, EV 89.4 MPH)
Batting: SHB Jesús Mora 0-0: Ball
1-0: Ground out U3 (Groundball, 3, EV 79.4 MPH)
Top of the 7th over - 0 runs, 0 hits, 0 errors, 0 left on base; Chicago 2 - Montreal 6
BOTTOM OF THE 7TH
Montreal Expos batting - Pitching for Chicago Cubs : RHP Orlando Flores
Batting: RHB Felipe Rivas 0-0: SINGLE (Groundball, 34D, EV 98.1 MPH)
Batting: RHB Henry Treleaven 0-0: Ball
1-0: Ball
2-0: SINGLE (Line Drive, 7S, EV 89.4 MPH)
Felipe Rivas to second
Pitching: RHP Michael Riley
Batting: LHB Jonathan Moustaka 0-0: Foul Ball, location: 7LDF
0-1: Called Strike
0-2: Ball
1-2: Foul Ball, location: 2F
1-2: Fly out, F3 (Line Drive, 3, EV 67.5 MPH)
Lined into DP, U3 (Line Drive, 3, EV 67.5 MPH)
Batting: LHB Oscar Blackwell 0-0: Swinging Strike
0-1: Ball
1-1: Swinging Strike
1-2: Strikes out swinging
Bottom of the 7th over - 0 runs, 2 hits, 0 errors, 1 left on base; Chicago 2 - Montreal 6
TOP OF THE 8TH
Chicago Cubs batting - Pitching for Montreal Expos : RHP Arturo Gonzáles
Batting: SHB George Moore 0-0: Ball
1-0: Ball
2-0: SINGLE (Flyball, 3D, EV 95.0 MPH)
Batting: RHB José Rodríguez 0-0: Ball
1-0: Called Strike
1-1: Foul Ball, location: 9LDF
1-2: SINGLE (Groundball, 25, EV 68.8 MPH) (infield hit)
George Moore to second
Pitching: RHP Martín Herrera
Pinch Hitting: LHB Orlando Melero 0-0: Called Strike
0-1: Ball
1-1: SINGLE (Line Drive, 7LS, EV 105.0 MPH)
George Moore to third
José Rodríguez to second
Batting: LHB Dan Byrd 0-0: Called Strike
0-1: Grounds into fielders choice 3-2 (Groundball, 34, EV 87.5 MPH)
José Rodríguez to third
Orlando Melero to second
Batting: RHB Robert Picot 0-0: SINGLE (Groundball, 34, EV 100.0 MPH)
José Rodríguez scores
Orlando Melero to third
Dan Byrd to second
Runner from 3rd tries for Home, SAFE, throw by RF to home
Batting: RHB Eddie Brown 0-0: Swinging Strike
0-1: Ball
1-1: Foul Ball, location: 9LMF
1-2: Strikes out looking
Batting: LHB Yan Peltier 0-0: Ball
1-0: Ball
2-0: Ball
3-0: Base on Balls
Dan Byrd to third
Robert Picot to second
Batting: LHB Larry Church 0-0: Swinging Strike
0-1: Called Strike
0-2: Strikes out swinging
Top of the 8th over - 2 runs, 4 hits, 0 errors, 3 left on base; Chicago 4 - Montreal 6
BOTTOM OF THE 8TH
Montreal Expos batting - Pitching for Chicago Cubs : RHP Michael Riley
Now in RF: Orlando Melero
Batting: LHB Don Bullock 0-0: Ball
1-0: Ball
2-0: SINGLE (Groundball, 34D, EV 105.0 MPH)
Batting: LHB Steve Burns 0-0: Ball
1-0: Ball
2-0: Called Strike
2-1: Ball
3-1: Called Strike
3-2: Foul Ball, location: 2F
3-2: Base on Balls
Don Bullock to second
Batting: RHB Ed Basset 0-0: Called Strike
0-1: SINGLE (Line Drive, 78M, EV 111.9 MPH)
Don Bullock to third
Steve Burns to second
Batting: RHB Iván Pérez 0-0: Called Strike
0-1: Ball
1-1: Foul Ball, location: 2F
1-2: Ball
2-2: Ball
3-2: Foul Ball, location: 2F
3-2: SINGLE (Groundball, 6M, EV 83.8 MPH)
Don Bullock scores
Steve Burns to third
Ed Basset to second
Runner from 3rd tries for Home, SAFE, throw by CF to home
Batting: LHB Lúcio Rivera 0-0: Ball
1-0: Called Strike
1-1: Ball
2-1: Ball
3-1: Base on Balls
Ed Basset to third
Iván Pérez to second
Pitching: RHP Ricardo Ramírez
Batting: RHB Felipe Rivas 0-0: Foul Ball, location: 9LDF
0-1: Ball
1-1: Ball
2-1: Ball
3-1: Called Strike
3-2: DOUBLE (Groundball, 3L, EV 96.3 MPH)
Ed Basset scores
Iván Pérez scores
Lúcio Rivera to third
Batting: RHB Henry Treleaven 0-0: Called Strike
0-1: TRIPLE (Flyball, 89XD, EV 100.6 MPH)
Lúcio Rivera scores
Felipe Rivas scores
Batting: LHB Jonathan Moustaka 0-0: Called Strike
0-1: Ball
1-1: Foul Ball, location: 2F
1-2: Ball
2-2: Strikes out swinging
Pinch Hitting: RHB Andrew Martínez 0-0: Foul Ball, location: 3F
0-1: Foul Ball, location: 9LDF
0-2: Ball
1-2: Ball
2-2: SINGLE (Groundball, 34D, EV 93.8 MPH)
Henry Treleaven scores
Batting: LHB Don Bullock 0-0: SINGLE (Groundball, 4M, EV 86.3 MPH)
Andrew Martínez to second
Batting: LHB Steve Burns 0-0: Called Strike
0-1: Ball
1-1: Foul Ball, location: 25FF
1-2: Foul Ball, location: 25F
1-2: Ball
2-2: Fly out, F9 (Flyball, 89M, EV 88.1 MPH)
Batting: RHB Ed Basset 0-0: Ball
1-0: Called Strike
1-1: Foul Ball, location: 9LSF
1-2: Foul Ball, location: 7LSF
1-2: Ball
2-2: Foul Ball, location: 3DF
2-2: SINGLE (Groundball, 15S, EV 68.1 MPH) (infield hit)
Andrew Martínez to third
Don Bullock to second
Batting: RHB Iván Pérez 0-0: Ball
1-0: Swinging Strike
1-1: Foul Ball, location: 2F
1-2: Foul Ball, location: 9LMF
1-2: Ball
2-2: Ball
3-2: Fly out, F8 (Flyball, 8RD, EV 85.0 MPH)
Bottom of the 8th over - 7 runs, 8 hits, 0 errors, 3 left on base; Chicago 4 - Montreal 13
TOP OF THE 9TH
Chicago Cubs batting - Pitching for Montreal Expos : RHP Martín Herrera
Now in LF: Andrew Martínez
Batting: SHB Jesús Mora 0-0: SINGLE (Groundball, 34, EV 81.9 MPH)
Batting: SHB George Moore 0-0: Ball
1-0: Called Strike
1-1: Ball
2-1: Fly out, F9 (Flyball, 9D, EV 110.6 MPH)
Batting: RHB José Rodríguez 0-0: Ball
1-0: Swinging Strike
1-1: Swinging Strike
1-2: Foul Ball, location: 2F
1-2: Strikes out looking
Pinch Hitting: LHB Larry Johnson 0-0: Called Strike
0-1: Called Strike
0-2: Ball
1-2: Strikes out looking
Top of the 9th over - 0 runs, 1 hit, 0 errors, 1 left on base; Chicago 4 - Montreal 13
Wednesday, February 7th , 2024 - OOTP Baseball 24.10 Build 82